 Dungeon Crawl Stone Soup version 0.31-a0-246-g8cbcc1cb85 (webtiles) character file.

Game seed: 12506717077572400501

139 qw the Shooter (level 5, -1/30 HPs)
             Began as a Gargoyle Hexslinger on July 12, 2023.
             Slain by an orc priest
             ... wielding a +0 hand axe
              (7 damage)
             ... on level 3 of the Dungeon.
             The game lasted 00:00:44 (1950 turns).

qw the Shooter (Gargoyle Hexslinger)                Turns: 1950, Time: 00:00:44

Health: -1/30      AC:  9    Str: 12    XL:     5   Next: 22%
Magic:  6/6        EV: 10    Int: 13    God:
Gold:   198        SH:  0    Dex: 14    Spells: 5/6 levels left

rFire   . . .        Y - +1 sling
rCold   . . .        (no shield)
rNeg    + + .        e - +0 ring mail
rPois   inf          (no helmet)
rElec   +            (no cloak)
rCorr   .            (no gloves)
SInv    .            (no boots)
Will    .....        (no amulet)
Stlth   +            a - ring of positive energy
HPRegen 0.25/turn    (no ring)
MPRegen 0.10/turn

%: no passive effects
@: no status effects
A: sickness immunity, AC +4, negative energy resistance 1, electricity
resistance, torment resistance 1, petrification resistance
a: no special abilities


You were on level 3 of the Dungeon.
You visited 1 branch of the dungeon, and saw 4 of its levels.

You collected 198 gold pieces.


Innate Abilities, Weirdness & Mutations

You are immune to sickness and miasma.
Your stone body is resilient. (AC +4)
You are immune to poison.
You resist negative energy. (rN+)
You are resistant to electric shocks. (rElec)
You are resistant to unholy torment.
You are immune to petrification.


   Skills:
 - Level 2.0 Fighting
 + Level 4.8 Ranged Weapons
 - Level 1.0 Armour
 - Level 1.5 Dodging
 - Level 1.0 Spellcasting
 - Level 2.6 Hexes


You had 5 spell levels left.
You knew the following spells:

 Your Spells              Type           Power      Damage    Failure   Level
a - Slow                  Hex            28%        N/A       22%         1

Your spell library contained the following spells:

 Spells                   Type           Power      Damage    Failure   Level
 Inner Flame              Hex/Fire       4%         N/A       73%         3
 Portal Projectile        Hex/Tloc       8%         N/A       73%         3
 Cause Fear               Hex            3%         N/A       91%         4

Inventory:

Hand Weapons
 Y - a +1 sling (weapon)
Armour
 e - a +0 ring mail (worn)
Jewellery
 a - a ring of positive energy (left hand)
Scrolls
 b - a scroll of identify
Potions
 c - a potion of lignification {unknown}
 d - a potion of might {unknown}

Dungeon Overview and Level Annotations

Branches:
Dungeon (4/15)
 Temple: D:4-7

Altars:
Trog

Shops:
D:4 *

Annotations:
D:3 1 runed translucent door, qw's ghost, amateur GrHs


Message History

The orc hits you with a +0 hand axe. The orc priest closely misses you.
The orc barely misses you.
1945 ||| STAIRDANCE The orc barely misses you.
The orc priest mumbles some strange prayers to Beogh against you.
Beogh smites you! The orc completely misses you.
You climb upwards.
Level annotation: 1 runed translucent door, qw's ghost, amateur GrHs
There is a stone staircase leading down here.
Enter note:
Enter note:
Enter note:
Enter note:
Enter note:
Enter note:
Enter note:
Enter note:
Enter note: You shoot a sling bullet.
The sling bullet hits the orc priest but does no damage.
The orc priest is moderately wounded.
The orc misses you.
The orc priest hits you but does no damage.
The orc closely misses you.
You shoot a sling bullet. The sling bullet hits the orc priest.
The orc priest is heavily wounded.
The orc hits you with a +0 hand axe.
The orc priest hits you with a +0 hand axe!
The orc barely misses you.
The orc priest hits you with a +0 hand axe.
The orc closely misses you. The orc hits you but does no damage.
You shoot a sling bullet.
The sling bullet closely misses the orc priest.
The orc hits you but does no damage. The orc priest closely misses you.
The orc closely misses you.
You shoot a sling bullet. The sling bullet hits the orc priest.
The orc priest is severely wounded.
The orc barely misses you.
The orc priest hits you with a +0 hand axe!
You die...

#.# #.##
#.#.##...###...#. #.#
#..### #.#.............)
#.# ##...####
#.####...#...###. #.#
###....## #.#
##........... ##.#
####..###.###..#.....####
...# ##...#........#.###
..<# ###.#####.#..#.###
...# #oo####.####...#
...# ##@o.........#¤###
#### #############¤¤¤#
7W#¤¤¤# #8!+¤¤¤# #7.#.¤##
######


You could see an orc priest and 2 orcs.

Vanquished Creatures
  A phantom (D:3)
  3 adders
  A dart slug (D:3)
  2 orcs
  An endoplasm (D:2)
  3 giant cockroaches
  2 hobgoblins
  2 kobolds (D:1)
  4 quokkas
  2 ball pythons
  3 bats
  2 frilled lizards
  5 rats
31 creatures vanquished.

Notes
Turn   | Place    | Note
-------+----------+-------------------------------------------
     0 | D:1      | qw the Gargoyle Hexslinger began the quest for the Orb.
     0 | D:1      | Reached XP level 1. HP: 12/12 MP: 2/2
     0 | D:1      | 0 ||| qw: Version: 0.3-a-52-g30416fa
     0 | D:1      | 0 ||| qw: Game counter: 6268
     0 | D:1      | 0 ||| qw: Melee chars always use a shield: true
     0 | D:1      | 0 ||| qw: God list: Okawaru
     0 | D:1      | 0 ||| qw: Allow faded altars: false
     0 | D:1      | 0 ||| qw: Do Orc after clearing Dungeon:15 true
     0 | D:1      | 0 ||| qw: Do second Lair branch before Depths: true
     0 | D:1      | 0 ||| qw: Lair rune preference: random
     0 | D:1      | 0 ||| qw: Goals: Normal
     0 | D:1      | 0 ||| PLANNING D:1-11
   128 | D:1      | Reached XP level 2. HP: 16/16 MP: 3/3
   393 | D:1      | Reached skill level 3 in Ranged Weapons
   485 | D:1      | 485 ||| UPGRADING to +0 ring mail.
   495 | D:1      | 495 ||| DROPPING +0 robe.
   496 | D:1      | 496 ||| DROPPING +6 ring of intelligence.
   497 | D:1      | 497 ||| READING scroll labelled ITIENU RESAAX.
   498 | D:1      | 498 ||| DROPPING scroll of poison.
   530 | D:2      | Reached XP level 3. HP: 18/21 MP: 4/4
  1039 | D:2      | 1039 ||| UPGRADING to ring of positive energy.
  1040 | D:2      | 1040 ||| READING scroll labelled NEANIL DUS.
  1160 | D:3      | Found a bloodstained altar of Trog.
  1356 | D:3      | Noticed a phantom
  1386 | D:3      | Killed a phantom
  1387 | D:3      | Reached skill level 4 in Ranged Weapons
  1387 | D:3      | Reached XP level 4. HP: 10/26 MP: 5/5
  1387 | D:3      | Reached XP level 5. HP: 12/30 MP: 6/6
  1591 | D:3      | Found a runed translucent door.
  1591 | D:3      | Noticed qw's ghost (amateur GrHs)
  1750 | D:3      | Reached skill level 1 in Armour
  1916 | D:3      | 1916 ||| READING 2 scrolls labelled REINNYECAI.
  1917 | D:3      | 1917 ||| READING scroll labelled HIMUDW KABEI.
  1933 | D:4      | Found Xaetumoc's Assorted Antiques.
  1945 | D:4      | 1945 ||| STAIRDANCE
  1948 | D:3      | HP: 7/30 [orc priest/+0 hand axe (7)]
  1950 | D:3      | Slain by an orc priest

Levels and vault maps discovered:
D:1:      matt_arrival_debris, layout_basic
D:2:      layout_loops_ring
D:3:      layout_basic, mainiacjoe_overflow_tiny_flanked, gammafunk_ghost_grave
D:4:      layout_cave_pods, minmay_temple_entry_overgrown, serial_shops,
          nicolae_shop_tiny_real_fake_doors, shop, shop, patterned_corridor

Skill      XL: |  1  2  3  4  5 |
---------------+----------------+-----
Ranged Weapons | 3 4 |  4.8
Fighting       | 2 |  2.0
Armour         | 1 |  1.0
Dodging        | |  1.5
Spellcasting   | |  1.0
Hexes          | |  2.6

Action                     |  1- 3 |  4- 6 || total
---------------------------+-------+-------++-------
   Fire: Sling             |   134 |    54 ||   188
    Use: Scroll            |     2 |     2 ||     4
 Armour: Robe              |     5 |       ||     5
         Ring mail         |    43 |    18 ||    61
  Dodge: Dodged            |    52 |    30 ||    82

Table legend:
 A = Non-vault XP
 B = Vault XP
 C = Vault XP percentage of total XP
 D = Non-vault monster count
 E = Vault monster count
 F = Vault count percentage of total count
                 A         B        C        D         E       F
            +---------+---------+-------+---------+---------+-------
      Total |     199 |       0 |   0.0 |      31 |       0 |   0.0
            +---------+---------+-------+---------+---------+-------
        D:1 |      19 |       0 |   0.0 |      12 |       0 |   0.0
        D:2 |      33 |       0 |   0.0 |       6 |       0 |   0.0
        D:3 |     144 |       0 |   0.0 |      12 |       0 |   0.0
        D:4 |       3 |       0 |   0.0 |       1 |       0 |   0.0
            +---------+---------+-------+---------+---------+-------
